 Dungeon Crawl Stone Soup version 0.21.0-24-g2553a33 (webtiles) character file.

184 Mgcat the Chopper (level 5, -7/45 HPs)
             Began as a Draconian Fighter on Jan 19, 2018.
             Killed by divine providence
             ... invoked by an orc priest
              (15 damage)
             ... on level 3 of the Dungeon.
             The game lasted 00:03:34 (2099 turns).

Mgcat the Chopper (Draconian Fighter)               Turns: 2099, Time: 00:03:35

Health: -7/45      AC:  5    Str: 18    XL:     5   Next: 36%
Magic:  5/5        EV: 10    Int:  8    God:
Gold:   214        SH:  9    Dex: 12    Spells: 4/4 levels left

rFire    . . .     SeeInvis .   a - +0 war axe
rCold    . . .     Gourm    .   b - +0 shield
rNeg     . . .     Faith    .   (armour unavailable)
rPois    .         Spirit   .   (helmet restricted)
rElec    .         Reflect  .   (no cloak)
rCorr    .         Harm     .   (no gloves)
MR       .....                  (no boots)
Stlth    +.........             r - amulet of rage
HPRegen  0.15/turn              (no ring)
MPRegen  0.09/turn              (no ring)

@: no status effects
A: unfitting armour, cold-blooded, AC +5
a: Evoke Berserk Rage


You were on level 3 of the Dungeon.
You were not hungry.

You visited 1 branch of the dungeon, and saw 3 of its levels.

You collected 214 gold pieces.

Inventory:

Hand Weapons
 a - a +0 war axe (weapon)
Armour
 b - a +0 shield (worn)
Jewellery
 r - an amulet of rage (around neck)
Wands
 q - a wand of iceblast (8)
Scrolls
 e - 3 scrolls of identify {unknown}
 g - a scroll of teleportation {unknown}
 h - 3 scrolls of magic mapping {unknown}
 i - 3 scrolls of random uselessness {unknown}
 k - 2 scrolls of amnesia {unknown}
 m - a scroll of noise {unknown}
 p - 2 scrolls of remove curse {unknown}
 s - a scroll of enchant armour {unknown}
Potions
 c - a potion of might
 j - 2 potions of degeneration {unknown}
 l - a potion of heal wounds {unknown}
 n - a potion of flight {unknown}
 o - a potion of curing {unknown}
Comestibles
 d - 4 rations
 f - 2 chunks of flesh


   Skills:
 - Level 3.3 Fighting
 + Level 5.6 Axes
 - Level 2.7 Dodging
 - Level 3.0 Shields


You had 4 spell levels left.
You didn't know any spells.

Dungeon Overview and Level Annotations

Branches:
Dungeon (3/15)

Altars:


Innate Abilities, Weirdness & Mutations

Your plain brown scales are hard. (AC +5)
You cannot fit into any form of body armour.
You are cold-blooded and may be slowed by cold attacks.


Message History

You hear a shout!
You start resting.
You are too injured to fight recklessly!
You are too injured to fight recklessly!
You are too injured to fight recklessly!
You are too injured to fight recklessly!
The orc priest mumbles some strange prayers to Beogh against you.
Beogh smites you!
An orc priest comes into view. It is wielding a flail.
You barely miss the orc priest. The orc priest barely misses you.
The orc priest mumbles some strange prayers to Beogh against you.
Beogh smites you!
* * * LOW HITPOINT WARNING * * *
You hear a shout!
You hit the orc priest.
You tail-slap the orc priest, but do no damage.
The orc priest is lightly wounded.
The orc priest calls down the wrath of Beogh upon you.
Beogh smites you!
You die...

#.####.####.## #<# #.#
#.# #...# #.# #.#
#.###...###.# ######.##
#....<......#
.........###..........##
.######...............#
#...##..........#
#.#...........###
#..@..........#
##o######.....# #.
#.###.# #. #. #.# #o #
#.# #o #.###### ..
#.###......# #.
#.....####.# .######.##


You could see 2 orc priests and an orc.

Vanquished Creatures
  A phantom (D:3)
  3 adders
  3 dart slugs
  4 leopard geckos
  4 giant cockroaches
  7 goblins
  7 hobgoblins
  3 jackals (D:3)
  7 kobolds
  6 bats
  3 frilled lizards (D:1)
  9 rats
  A fungus (D:1)
58 creatures vanquished.

Notes
Turn   | Place    | Note
-------+----------+-------------------------------------------
     0 | D:1      | Mgcat the Draconian Fighter began the quest for the Orb.
     0 | D:1      | Reached XP level 1. HP: 19/19 MP: 1/1
   300 | D:1      | Reached XP level 2. HP: 24/26 MP: 2/2
   349 | D:1      | Reached skill level 3 in Axes
   666 | D:1      | Reached XP level 3. HP: 28/31 MP: 3/3
  1323 | D:2      | Reached skill level 4 in Axes
  1489 | D:3      | Reached XP level 4. HP: 31/38 MP: 4/4
  1923 | D:3      | Noticed a phantom
  1953 | D:3      | Killed a phantom
  1953 | D:3      | Reached skill level 5 in Axes
  1953 | D:3      | Reached XP level 5. HP: 34/45 MP: 5/5
  2099 | D:3      | Killed from afar by an orc priest

Skill      XL: |  1  2  3  4 |
---------------+-------------+-----
Axes           | 3 4 5 |  5.6
Fighting       | |  3.3
Dodging        | |  2.7
Shields        | |  3.0

Action                   |  1- 3 |  4- 6 || total
-------------------------+-------+-------++-------
Melee: War axe           |   146 |    44 ||   190
       Tailslap          |    17 |     4 ||    21
  Eat: Chunk             |     2 |     2 ||     4
Armor: Skin              |    39 |     4 ||    43
Dodge: Dodged            |    68 |    16 ||    84
Block: Shield            |    73 |    18 ||    91
